Map: Prion Terraces

Players

IIIIIIIIIIII - Winner!

  • Race: Terran Terran
  • League: Diamond

LilDicky

  • Race: Terran Terran
  • League: Diamond

VOD

http://www.twitch.tv/tumescentpie

Description

Time

  • Played on: Nov. 22, 2015, 9:17 p.m.
  • Length: 7:30
Show
View Real Time Build Order
Export as new Build Order

IIIIIIIIIIII Terran - Winner!

Build Orders:  

Get SALT Encoding   

  12  0:01  SCV  
  13  0:13  Refinery  
  13  0:21  Supply Depot  
  13  0:25  SCV  
  14  0:44  Barracks  
  14  0:56  Barracks  
  14  1:01  SCV  
  15  1:13  SCV  
  16  1:26  SCV  
  16  1:31  Reaper  
  18  1:34  Supply Depot  
  18  1:40  Orbital Command  
  18  1:44  Reaper  
  19  1:52  Refinery  
  20  2:08  SCV  
  20  2:17  Reaper x2  
  22  2:23  SCV  
  22  2:27  Factory  
  23  2:31  Supply Depot  
  23  2:35  SCV  
  24  2:47  SCV  
  24  2:49  Reaper x2  
  26  3:04  Engineering Bay  
  26  3:14  Factory Tech Lab  
  26  3:16  SCV  
  26  3:18  Starport  
  26  3:51  Missile Turret  
  26  3:52  Factory Tech Lab  
  26  3:53  Command Center  
  26  3:59  Marine x2  
  28  4:04  Viking  
  29  4:14  SCV  
  30  4:18  Marine x2  
  32  4:31  SCV  
  33  4:34  Raven  
  34  4:53  Siege Tank  
  37  5:01  Barracks Tech Lab  
  37  5:02  Barracks Reactor  
  37  5:04  Orbital Command  
  34  5:21  Command Center  
  34  5:37  Siege Tank  
  34  5:39  Orbital Command  
  37  5:52  Starport Reactor  
  36  6:01  Marine x3  
  39  6:07  Barracks  
  39  6:09  SCV x2  
  41  6:19  Siege Tank  
  41  6:21  SCV x2  
  46  6:26  Marine x3  
  46  6:30  Medivac  
  46  6:32  Medivac  
  53  6:36  Supply Depot  
  53  6:42  SCV x2, Orbital Command  
  55  6:48  Refinery  
  52  7:10  SCV x2  
  52  7:11  SCV  
  52  7:12  Marine x2  
Show
View Real Time Build Order
Export as new Build Order

LilDicky Terran 

Build Orders: 1/1/1, Banshee Rush 

Get SALT Encoding   

  12  0:01  SCV  
  13  0:13  SCV  
  14  0:18  Supply Depot  
  14  0:25  SCV  
  15  0:33  Refinery  
  15  0:40  SCV  
  16  0:45  Barracks  
  16  0:52  SCV  
  17  1:05  SCV  
  18  1:17  SCV  
  20  1:33  Marine  
  20  1:34  Supply Depot  
  20  1:36  Orbital Command  
  20  1:42  Factory  
  20  1:48  Refinery  
  20  1:51  Marine  
  21  2:01  SCV  
  22  2:09  Marine  
  22  2:14  SCV  
  24  2:25  Starport  
  24  2:26  Factory Reactor  
  24  2:27  Factory Tech Lab  
  24  2:28  SCV  
  25  2:31  Supply Depot, Marine  
  26  2:40  SCV  
  29  3:07  SCV  
  29  3:12  Marine  
  28  3:19  SCV  
  29  3:20  Command Center, Widow Mine  
  29  3:22  Banshee  
  29  3:23  Cloaking Field  
  33  3:30  Marine  
  33  3:31  SCV  
  32  3:43  SCV  
  33  3:54  Widow Mine  
  33  3:55  SCV  
  36  3:59  Supply Depot  
  36  4:01  Marine  
  37  4:07  SCV  
  38  4:20  Banshee  
  38  4:23  Supply Depot, Engineering Bay  
  41  4:26  Factory Tech Lab  
  41  4:29  SCV  
  42  4:31  Marine  
  43  4:51  Siege Tank  
  43  5:02  SCV  
  43  5:11  Banshee  
  43  5:12  Marine  
  47  5:14  SCV  
  47  5:15  Starport  
  47  5:19  Missile Turret  
  48  5:22  Orbital Command  
  48  5:26  SCV  
  52  5:28  Siege Tank  
  52  5:30  Refinery  
  52  5:31  Refinery  
  52  5:41  Supply Depot  
  52  5:59  Marine  
  52  6:02  Banshee, Starport Reactor  
  53  6:07  SCV  
  53  6:10  SCV  
  55  6:13  Siege Tank  
  55  6:18  Command Center  
  58  6:19  SCV  
  58  6:20  Supply Depot  
  58  6:22  Marine  
  60  6:28  SCV  
  60  6:31  SCV  
  62  6:39  Viking x2  
  66  6:40  SCV  
  66  6:44  Supply Depot  
  67  6:51  SCV  
  67  6:52  SCV  
Tags
 
Add a new tag
Caveats
  • Supply blocks, unpowered buildings, or Contaminate may cause inaccurate times.
  • Supply counts are checked every 10 seconds.